 Dungeon Crawl Stone Soup version 0.21-a0-286-g6fcecc0 (webtiles) character file.

26 tidbits the Shield-Bearer (level 2, 3/26 HPs)
             Began as a Draconian Fighter on Sept 25, 2017.
             Quit the game on level 4 of the Dungeon.
             The game lasted 00:02:27 (332 turns).

tidbits the Shield-Bearer (Draconian Fighter)        Turns: 332, Time: 00:02:28

Health: 3/26       AC:  4    Str: 18    XL:     2   Next: 89%
Magic:  2/2        EV: 10    Int:  8    God:
Gold:   41         SH:  9    Dex: 10    Spells: 1/1 levels left

rFire    . . .     SeeInvis .     - Unarmed
rCold    . . .     Gourm    .   a - +0 shield
rNeg     . . .     Faith    .   (armour unavailable)
rPois    .         Spirit   .   (helmet restricted)
rElec    .         Reflect  .   (no cloak)
rCorr    .         Harm     .   (no gloves)
MR       .....                  (no boots)
Stlth    +.........             (no amulet)
HPRegen  0.08/turn              (no ring)
MPRegen  0.08/turn              (no ring)

@: lethally poisoned (3 -> -10)
A: unfitting armour, cold-blooded, AC +4
a: no special abilities


You were on level 4 of the Dungeon.
You were not hungry.

You visited 1 branch of the dungeon, and saw 4 of its levels.

You collected 41 gold pieces.

Inventory:

Missiles
 d - 28 stones (quivered)
 e - 15 arrows
 h - 23 bolts
Armour
 a - a +0 shield (worn)
Scrolls
 g - a scroll of fog {unknown}
Potions
 b - a potion of might
Comestibles
 c - a bread ration
 f - a meat ration


   Skills:
 - Level 3.2 Fighting
 - Level 2.6 Dodging
 + Level 3.4 Shields
 * Level 3.0 Unarmed Combat


You had one spell level left.
You didn't know any spells.

Dungeon Overview and Level Annotations

Branches:
Dungeon (4/15)
 Temple: D:4-7

Altars:
Fedhas


Innate Abilities, Weirdness & Mutations

Your plain brown scales are hard. (AC +4)
You cannot fit into any form of body armour.
You are cold-blooded and may be slowed by cold attacks.


Message History

You hit the kobold.
You kill the kobold!
d - 30 stones (gained 3)
You see here a dagger.
There is a stone staircase leading down here.
You now have 31 gold pieces (gained 8).
There is a stone staircase leading down here.
You climb downwards.
An orc comes into view. It is wielding a flail.
The orc shouts!
Found five items.
Found an escape hatch in the ceiling.
There is a stone staircase leading up here.
An orc opens the door.
There is an escape hatch in the ceiling here.
A rat comes into view.
You see here a scroll labeled TAETYPPUST.
You hit the rat.
The rat is heavily wounded.
The rat barely misses you.
You hit the rat.
You kill the rat!
g - a scroll labeled TAETYPPUST
Found a stone staircase leading down.
You hit the orc.
The orc is severely wounded.
The orc hits you but does no damage.
You closely miss the orc.
The orc is severely wounded.
The orc hits you with a flail.
You hit the orc.
You kill the orc!
Things that are here:
a flail; an orc corpse You now have 41 gold pieces (gained 10).
You see here 23 bolts.
h - 23 bolts An ice beast comes into view.
Okay, then.
Things that are here:
a flail; an orc corpse A bat comes into view.
Found a blossoming altar of Fedhas.
The bat hits you but does no damage.
Found 21 stones.
There is a stone staircase leading down here.
The bat misses you.
You climb downwards.
You hear the sound of rushing water.
There is an entrance to a sewer on this level.
Hurry and find it before the portal rusts away!
There is a stone staircase leading up here.
A river rat and a worker ant come into view.
Throwing (i - inventory):
d - 30 stones (quivered)
Press: ? - help, Shift-Dir - straight line, f - river rat
Aim: a river rat (resting)
You throw a stone. The stone hits the river rat.
The river rat is lightly wounded.
You hear a splash.
The worker ant twitches its antennae in your direction.
Throwing (i - inventory):
d - 29 stones (quivered)
Press: ? - help, Shift-Dir - straight line, f/p - river rat
Aim: a river rat (lightly wounded)
You throw a stone. The stone barely misses the river rat.
You hear a splash.
You closely miss the river rat. You tail-slap the river rat.
The river rat is heavily wounded.
The river rat bites you.
You hit the river rat.
The river rat is severely wounded.
The river rat bites you!
You closely miss the river rat.
The river rat is severely wounded.
The river rat completely misses you.
You hit the river rat.
You kill the river rat!
Your Unarmed Combat skill increases to level 3!
You hit the worker ant.
Your tail-slap misses the worker ant.
The worker ant is lightly wounded.
The worker ant closely misses you.
You barely miss the worker ant.
The worker ant is lightly wounded.
The worker ant closely misses you.
You hit the worker ant.
The worker ant is moderately wounded.
The worker ant bites you but does no damage.
The worker ant bites you.
* * * LOW HITPOINT WARNING * * *
You are poisoned.
The worker ant poisons you!
You hit the worker ant but do no damage.
The worker ant is lightly wounded.
You feel sick. The worker ant bites you!
* * * LOW HITPOINT WARNING * * *
You are more poisoned.
The worker ant poisons you!
Your shield prevents you from hitting the worker ant.
The worker ant is lightly wounded.
* * * LOW HITPOINT WARNING * * *
You feel sick. You block the worker ant's attack.
Okay, then.
Are you sure you want to abandon this character and quit the game? (Confirm with "yes".)

#. ##. # .. .≈
#.##### ..≈
..... ...≈
#.##..# #..≈(
#...<.#
#....(#######.#
#...a@..# #.#
#..####.###.# #
#........#
#....#####
######


You could see a worker ant.

Vanquished Creatures
  An adder (D:2)
  A river rat (D:4)
  An orc (D:3)
  A goblin (D:1)
  2 bats (D:1)
  2 kobolds (D:2)
  3 rats
11 creatures vanquished.

Notes
Turn   | Place    | Note
-------+----------+-------------------------------------------
     0 | D:1      | tidbits the Draconian Fighter began the quest for the Orb.
     0 | D:1      | Reached XP level 1. HP: 19/19 MP: 1/1
   146 | D:2      | Reached XP level 2. HP: 26/26 MP: 2/2
   291 | D:3      | Noticed an ice beast
   308 | D:3      | Found a blossoming altar of Fedhas.
   326 | D:4      | Reached skill level 3 in Unarmed Combat
   332 | D:4      | Quit the game

Vault maps used:
D:1:      dpeg_arrival_pond, minmay_cupped
D:2:      first_bread
D:3:      grunt_temple_overflow_open, kennysheep_slug_shrine, fedhas_altar_3,
          serial_undead, serial_undead_c, serial_undead_b, serial_undead_e,
          serial_undead_a, corexii_shack, minivault_11, fountainhead,
          uniq_grinder, uniq_ijyb
D:4:      nicolae_overflow_crystal_walls, portal_sewer_entry_b, uniq_robin

Skill      XL: |  1  2 |
---------------+-------+-----
Unarmed Combat | 3 |  3.0
Fighting       | |  3.2
Dodging        | |  2.6
Shields        | |  3.4

Action                   || total
-------------------------++-------
Melee: Unarmed           ||    42
       Tailslap          ||     5
Throw: Stone             ||     2
Armor: Skin              ||    11
Dodge: Dodged            ||    16
Block: Shield            ||    13

Table legend:
 A = Spawn XP
 B = Non-spawn XP
 C = Spawn XP percentage of total XP
 D = Spawn monster count
 E = Non-spawn monster count
 F = Spawn count percentage of total count
 G = Total turns spent on level
                    A         B        C        D         E        F      G
               +---------+---------+-------+---------+---------+-------+---------
         Total |       0 |      38 |   0.0 |       0 |      11 |   0.0 |   332
               +---------+---------+-------+---------+---------+-------+---------
           D:1 |       0 |       4 |   0.0 |       0 |       3 |   0.0 |   120
           D:2 |       0 |      17 |   0.0 |       0 |       5 |   0.0 |   140
           D:3 |       0 |       4 |   0.0 |       0 |       2 |   0.0 |    51
           D:4 |       0 |      13 |   0.0 |       0 |       1 |   0.0 |    21
               +---------+---------+-------+---------+---------+-------+---------

Table legend:
 A = Turns spent in this place as a percentage of turns spent in the entire game.
 B = Non-inter-level travel turns spent in this place as a percentage of non-inter-level travel turns spent in the entire game.
 C = Inter-level travel turns spent in this place as a percentage of turns spent in this place.
 D = Turns resting spent in this place as a percentage of non-inter-level travel turns spent in this place.
 E = Turns spent auto-exploring this place as a percentage of non-inter-level travel turns spent in this place.
 F = Non-inter-level travel turns spent in this place divided by the number of levels of this place that you've seen.
                   A       B       C       D       E      F
               +-------+-------+-------+-------+-------+----------------------
         Total | 100.0 | 100.0 |   0.0 |   0.0 |   0.0 |  83.0
       Dungeon | 100.0 | 100.0 |   0.0 |   0.0 |   0.0 |  83.0
               +-------+-------+-------+-------+-------+----------------------

Table legend:
 A = Kills in this place as a percentage of kills in entire the game.
 B = Kills by you in this place as a percentage of kills by you in the entire game.
 C = Kills by friends in this place as a percentage of kills by friends in the entire game.
 D = Other kills in this place as a percentage of other kills in the entire game.
 E = Experience gained in this place as a percentage of experience gained in the entire game.
 F = Experience gained in this place divided by the number of levels of this place that you have seen.
                   A       B       C       D       E      F
               +-------+-------+-------+-------+-------+----------------------
         Total | 100.0 | 100.0 |   N/A |   N/A | 100.0 |   9.5
       Dungeon | 100.0 | 100.0 |   N/A |   N/A | 100.0 |   9.5
               +-------+-------+-------+-------+-------+----------------------

Vault maps used:
D:1:      dpeg_arrival_pond, minmay_cupped
D:2:      first_bread
D:3:      grunt_temple_overflow_open, kennysheep_slug_shrine, fedhas_altar_3,
          serial_undead, serial_undead_c, serial_undead_b, serial_undead_e,
          serial_undead_a, corexii_shack, minivault_11, fountainhead,
          uniq_grinder, uniq_ijyb
D:4:      nicolae_overflow_crystal_walls, portal_sewer_entry_b, uniq_robin
